 Dungeon Crawl Stone Soup version 0.28-a0-1616-g050a50673c (webtiles) character file.

Game seed: 8144115506931891907

71 grumblor the Ducker (level 4, -14/23 HPs)
             Began as a Spriggan Fighter on Jan 22, 2022.
             Killed from afar by Ijyb (26 damage)
             ... with a bolt of acid
             ... on level 4 of the Dungeon.
             The game lasted 00:02:42 (2746 turns).

grumblor the Ducker (Spriggan Fighter)              Turns: 2746, Time: 00:02:43

Health: -14/23     AC:  6    Str: 12    XL:     4   Next: 5%
Magic:  5/5        EV: 18    Int:  9    God:
Gold:   71         SH:  6    Dex: 16    Spells: 3/3 levels left

rFire   . . .      SeeInvis +   a - +0 long sword
rCold   . . .      Faith    .   c - +0 buckler
rNeg    . . .      Spirit   .   b - +0 robe
rPois   +          Reflect  .   (helmet restricted)
rElec   .          Harm     .   (no cloak)
rCorr   .          Rampage  .   (gloves unavailable)
Will    .....                   (boots unavailable)
Stlth   +.........              (no amulet)
HPRegen 0.07/turn               e - +4 ring of protection
MPRegen 0.09/turn               g - ring of poison resistance

@: very quick
A: very small, no large weapons, unfitting armour, see invisible, speed 3
a: no special abilities


You were on level 4 of the Dungeon.
You visited 1 branch of the dungeon, and saw 4 of its levels.

You collected 71 gold pieces.

Inventory:

Hand Weapons
 a - a +0 long sword (weapon)
Armour
 b - a +0 robe (worn)
 c - a +0 buckler (worn)
Jewellery
 e - a +4 ring of protection (left hand)
 f - a ring of fire
 g - a ring of poison resistance (right hand)
Wands
 k - a wand of flame (17)
Scrolls
 o - 4 scrolls of teleportation
Potions
 d - a potion of might
 h - a potion of haste {unknown}
 i - a potion of magic {unknown}
 j - 2 potions of berserk rage {unknown}
 l - 2 potions of degeneration {unknown}
 p - a potion of curing {unknown}


   Skills:
 + Level 2.7 Fighting
 + Level 2.3 Long Blades
 * Level 5.2 Dodging
 + Level 2.4 Shields
 * Level 0.4 Evocations


You had 3 spell levels left.
You didn't know any spells.
Your spell library contained the following spells:

 Spells                   Type           Power      Damage    Failure   Level
 Ozocubu's Armour         Ice            0%         N/A       94%         3
 Cause Fear               Hex            0%         N/A       100%        4
 Metabolic Englaciation   Hex/Ice        0%         N/A       100%        5
 Simulacrum               Ice/Necr       0%         N/A       100%        6
 Dragon Form              Tmut           0%         N/A       100%        7
 Dragon's Call            Summ           0%         N/A       100%        9


Dungeon Overview and Level Annotations

Branches:
Dungeon (4/15)
 Temple: D:4-7

Altars:

Shops:
D:3 =

Annotations:
D:4 Ijyb


Innate Abilities, Weirdness & Mutations

You are very small and have problems with some larger weapons.
You are too small for most types of armour.
You have supernaturally acute eyesight. (SInv)
You cover ground extremely quickly. (Speed+++)


Message History

You feel clumsy.
e - a +4 ring of protection (left hand)
You drop a +6 ring of dexterity.
Done exploring.
Done exploring.
(D) Dungeon
Where to? (Enter - D:3, ? - help)
There is a stone staircase leading down here.
You climb downwards.
Ijyb shouts!
The ball python hisses angrily.
Found a stone staircase leading down.
There is a stone staircase leading up here.
There are monsters nearby!
Ijyb hits you but does no damage.
You barely miss Ijyb. Ijyb barely misses you.
You hit Ijyb.
Ijyb is lightly wounded.
Ijyb screams, "Get away!"
You block Ijyb's attack. The ball python completely misses you.
The ball python barely misses you.
You hit Ijyb.
Ijyb is moderately wounded.
The ball python barely misses you. The ball python grabs you.
The ball python constricts you. You block Ijyb's attack.
The ball python barely misses you. The ball python constricts you.
Ijyb hits you but does no damage.
You closely miss the ball python. The ball python bites you.
The ball python constricts you.
Ijyb zaps a wand.
The bolt of acid misses you. You block the ball python's attack.
The ball python constricts you.
You closely miss the ball python. Ijyb hits you with a +0 club.
The ball python closely misses you. The ball python constricts you.
Ijyb hits you with a +0 club.
You barely miss the ball python. You block the ball python's attack.
The ball python constricts you. Ijyb hits you with a +0 club.
You block the ball python's attack. The ball python constricts you.
You slash the ball python!
You kill the ball python!
Ijyb zaps a wand.
The bolt of acid hits you!!
Ouch! That really hurt!
You die...

... ... #..
#.## ... ##
#.# #
#g##.#.###
#.@.<....#
#.†......+
#........#
..........#
.....##.#.#.#
......
#.#.#.#
.>.... #.#.#
# ......
....#


You could see Ijyb.

Vanquished Creatures
  An adder (D:3)
  A dart slug (D:1)
  2 worms (D:2)
  6 bats
  5 endoplasms
  3 giant cockroaches
  7 hobgoblins
  4 kobolds
  5 ball pythons
  2 frilled lizards (D:1)
  9 goblins
  5 rats
50 creatures vanquished.

Notes
Turn   | Place    | Note
-------+----------+-------------------------------------------
     0 | D:1      | grumblor the Spriggan Fighter began the quest for the Orb.
     0 | D:1      | Reached XP level 1. HP: 11/11 MP: 2/2
   224 | D:1      | Reached XP level 2. HP: 16/16 MP: 3/3
   485 | D:1      | Found a faded altar of an unknown god.
  1036 | D:1      | Reached XP level 3. HP: 10/19 MP: 4/4
  1542 | D:2      | Reached skill level 5 in Dodging
  1923 | D:2      | You fall into a shaft and drop 1 floor!
  1923 | D:3      | Found Cechial's Jewellery Emporium.
  2602 | D:3      | Reached XP level 4. HP: 23/23 MP: 5/5
  2737 | D:4      | Noticed Ijyb
  2746 | D:4      | Killed from afar by Ijyb

Illustrated notes

Levels and vault maps discovered:
D:1:      erik_arrival_blinker_ship, layout_basic,
          hellmonk_ecumenical_altar_zigzags
D:2:      layout_basic
D:3:      layout_loops_ring, serial_shops, nicolae_shop_stone
D:4:      layout_basic, elyvilon_altar_3, nicolae_wu_jian_glorious_leap,
          nicolae_overflow_hallway_of_the_gods, chequers_arboretum,
          uniq_natasha, uniq_ijyb

Skill      XL: |  1  2  3 |
---------------+----------+-----
Long Blades    | 2 |  2.3
Dodging        | 5 |  5.2
Fighting       | |  2.7
Shields        | |  2.4
Evocations     | |  0.4

Action                   |  1- 3 |  4- 6 || total
-------------------------+-------+-------++-------
Melee: Long sword        |   152 |     7 ||   159
  Use: Scroll            |     5 |       ||     5
 Stab: Sleeping          |     6 |       ||     6
Armor: Robe              |    21 |     2 ||    23
Dodge: Dodged            |   129 |     7 ||   136
Block: Buckler           |    52 |     5 ||    57

Table legend: (Time is in decaauts)
 A = Elapsed time spent in this place.
 B = Non-inter-level travel time spent in this place.
 C = Inter-level travel time spent in this place.
 D = Time resting spent in this place.
 E = Time spent auto-exploring this place.
 F = Levels seen in this place.
 G = Mean time per level.
                   A        B        C        D        E       F      G
               +--------+--------+--------+--------+--------+-----+--------+
         Total |   2144 |   2102 |     42 |      0 |   1733 |   4 |  536.0 |
       Dungeon |   2144 |   2102 |     42 |      0 |   1733 |   4 |  536.0 |
               +--------+--------+--------+--------+--------+-----+--------+

Top non-repeatable levels by time:
     D:1: 1115 daAuts
     D:2: 702 daAuts
     D:3: 316 daAuts
     D:4: 10 daAuts
